AoeStats
← Ilyushin

Black Forest

510127990Analyzed
3v3 RM · 3d ago on Sep 29, 2026· 53m 14s· 6 players
Game mode
Random Map
Map size
Normal (6 player)
Population
200
Speed
Normal
Resources
Standard
Victory
Conquest
Starting age
Dark Age
Ending age
Imperial Age
RankedLock teamsTeams togetherTeam positionsShared explorationLock speedFull tech treeHidden civsTurbo modeCheats
Victory
Defeat
🇪🇸 Byzantines · Spain
1083
+14
🇪🇸 Hindustanis · Spain
1073
+14
🇪🇸 Italians · Spain
1034
+16
🇹🇷 Romans · Türkiye
1063
-16
🇺🇸 Chinese · United States
1012
-14
🇲🇽 Franks · Mexico
1008
-14
Ghost
0:28 Loom
11:25 Feudal Age
17:59 Castle Age
16:00 Fletching
16:11 Padded Archer Armor
18:55 Leather Archer Armor
18:37 Bodkin Arrow
18:42 Crossbowman
19:09 Double-Bit Axe
20:41 Bow Saw
23:07 Horse Collar
25:25 Leather Archer Armor
26:26 Gold Mining
33:36 Ballistics
34:37 Scale Mail Armor
34:48 Forging
34:37 Murder Holes
34:55 Masonry
37:42 Wheelbarrow
40:02 Imperial Age
38:45 Hand Cart
40:12 Iron Casting
39:43 Scale Barding Armor
39:57 Heavy Plow
39:34 Light Cavalry
40:25 Bloodlines
40:15 Husbandry
41:52 Chemistry
41:17 Thumb Ring
41:52 Conscription
40:56 Capped Ram
43:44 Chain Barding Armor
44:25 Blast Furnace
43:25 Bracer
43:44 Siege Ram
45:09 Heavy Scorpion
49:37 Plate Barding Armor
48:38 Elite Skirmisher
50:35 Chain Mail Armor
49:54 Pikeman
51:15 Town Watch
50:59 Halberdier
51:43 Squires
51:29 Arson
52:39 Fortified Wall
53:00 Architecture
Rik’Nohol
2:29 Loom
11:07 Feudal Age
16:34 Castle Age
15:50 Double-Bit Axe
17:32 Bow Saw
26:59 Stone Mining
26:59 Gold Mining
29:29 Forging
29:24 Scale Barding Armor
30:29 Wheelbarrow
30:03 Husbandry
33:47 Imperial Age
32:15 Forging
32:10 Scale Barding Armor
33:00 Hand Cart
32:33 Town Watch
32:40 Gold Mining
34:13 Cavalier
35:12 Onager
36:56 Gold Shaft Mining
37:01 Chivalry
37:21 Conscription
36:42 Light Cavalry
37:26 Paladin
39:03 Iron Casting
40:48 Blast Furnace
40:08 Chain Barding Armor
41:36 Pikeman
42:16 Squires
42:01 Gambesons
42:02 Arson
48:35 Scale Mail Armor
49:12 Plate Barding Armor
49:08 Halberdier
50:06 Chain Mail Armor
BananaRepublic
0:33 Loom
15:42 Feudal Age
25:11 Scale Mail Armor
25:29 Forging
26:21 Horse Collar
26:37 Double-Bit Axe
29:06 Man-at-Arms
33:22 Castle Age
32:22 Gold Mining
32:24 Stone Mining
33:28 Long Swordsman
35:00 Chain Mail Armor
36:51 Iron Casting
36:54 Heavy Plow
42:27 Imperial Age
43:42 Scale Barding Armor
45:42 Bloodlines
44:52 Light Cavalry
44:56 Heavy Scorpion
46:24 Squires
45:47 Pikeman
50:11 Bow Saw
50:57 Caravan
52:58 Fletching
53:08 Padded Archer Armor
Ilyushin
0:26 Loom
9:55 Feudal Age
11:18 Double-Bit Axe
17:08 Castle Age
19:01 Wheelbarrow
21:47 Stone Mining
21:47 Gold Mining
22:47 Gold Mining
23:16 Horse Collar
26:31 Ballistics
26:49 Fletching
27:09 Treadmill Crane
27:47 Murder Holes
28:34 Bodkin Arrow
31:36 Imperial Age
29:23 Hand Cart
28:53 Town Watch
29:21 Bow Saw
30:10 Caravan
31:30 Forging
31:21 Scale Mail Armor
31:26 Scale Barding Armor
31:21 Padded Archer Armor
31:34 Elite Skirmisher
32:20 Thumb Ring
33:20 Chemistry
32:31 Fortified Wall
32:32 Masonry
33:12 Conscription
33:14 Silk Road
35:21 Bracer
35:38 Leather Archer Armor
35:52 Pirotechnia
35:52 Squires
37:19 Iron Casting
36:59 Chain Mail Armor
37:04 Chain Barding Armor
37:06 Onager
38:16 Heavy Plow
39:21 Blast Furnace
38:51 Ring Archer Armor
39:56 Hoardings
39:13 Pikeman
39:46 Elite Genoese Crossbowman
48:11 Plate Mail Armor
48:12 Ring Archer Armor
48:17 Plate Barding Armor
50:37 Onager
salan
0:28 Loom
11:53 Feudal Age
11:59 Man-at-Arms
12:36 Arson
24:41 Double-Bit Axe
25:05 Horse Collar
26:36 Wheelbarrow
31:36 Castle Age
29:51 Scale Barding Armor
29:57 Forging
31:06 Gold Mining
31:07 Stone Mining
32:37 Heavy Plow
32:50 Bow Saw
32:21 Long Swordsman
36:36 Imperial Age
36:04 Chain Barding Armor
36:20 Iron Casting
35:59 Caravan
37:53 Plate Barding Armor
37:49 Hand Cart
38:46 Conscription
42:18 Gold Shaft Mining
43:29 Crop Rotation
44:16 Logistica
44:24 Elite Cataphract
46:49 Two-Man Saw
45:56 Husbandry
49:57 Hoardings
49:15 Fletching
51:01 Bodkin Arrow
51:09 Scale Mail Armor
51:10 Padded Archer Armor
Veyron
0:26 Loom
12:25 Feudal Age
12:56 Double-Bit Axe
19:16 Castle Age
17:28 Gold Mining
17:24 Horse Collar
17:36 Stone Mining
24:31 Bow Saw
27:57 Caravan
30:10 Heavy Plow
33:33 Imperial Age
30:52 Town Watch
31:52 Stone Shaft Mining
32:05 Fortified Wall
32:41 Gold Shaft Mining
32:30 Husbandry
32:41 Scale Barding Armor
32:54 Grand Trunk Road
33:20 Masonry
33:36 Bloodlines
34:22 Wheelbarrow
34:00 Forging
34:19 Murder Holes
34:45 Ballistics
34:51 Chain Barding Armor
34:22 Fletching
34:17 Heavy Camel Rider
35:24 Conscription
36:44 Two-Man Saw
36:47 Iron Casting
36:24 Imperial Camel Rider
37:46 Hand Cart
38:41 Chemistry
38:55 Blast Furnace
39:05 Plate Barding Armor
38:26 Bodkin Arrow
38:19 Siege Elephant
39:51 Squires
39:36 Arson
40:37 Siege Engineers
40:34 Town Patrol
40:48 Elite Ghulam
41:29 Shatagni
42:28 Hoardings
41:48 Guard Tower
43:06 Bracer
43:07 Padded Archer Armor
43:07 Scale Mail Armor
45:17 Leather Archer Armor
45:53 Chain Mail Armor
47:06 Light Cavalry
49:37 Ring Archer Armor
51:54 Coinage
51:01 Hussar
Connection lost

Rejoining the realm…

Still unreachable

The connection could not be restored.

Session expired

The server has moved on; the page needs a fresh start.